 Dungeon Crawl Stone Soup version 0.25.1-2-g60ff931df9 (webtiles) character file.

Game seed: 15516095091586526866

101 Qrupt the Skirmisher (level 4, -3/41 HPs)
             Began as a Hill Orc Fighter on Oct 19, 2020.
             Killed from afar by Natasha (13 damage)
             ... with a puff of flame
             ... on level 2 of the Dungeon.
             The game lasted 00:02:27 (1729 turns).

Qrupt the Skirmisher (Hill Orc Fighter)             Turns: 1729, Time: 00:02:28

Health: -3/41      AC:  6    Str: 19    XL:     4   Next: 75%
Magic:  4/4        EV:  7    Int:  8    God:
Gold:   95         SH:  9    Dex: 10    Spells: 3/3 levels left

rFire    . . .     SeeInvis .   a - +0 flail
rCold    . . .     Gourm    .   c - +0 kite shield
rNeg     . . .     Faith    .   b - +0 scale mail
rPois    .         Spirit   .   (no helmet)
rElec    .         Reflect  .   (no cloak)
rCorr    .         Harm     .   (no gloves)
MR       .....                  (no boots)
Stlth    ..........             (no amulet)
HPRegen  0.13/turn              (no ring)
MPRegen  0.09/turn              (no ring)

@: no status effects
A: no striking features
a: no special abilities


You were on level 2 of the Dungeon.
You were not hungry.

You visited 1 branch of the dungeon, and saw 2 of its levels.

You collected 95 gold pieces.

Inventory:

Hand Weapons
 a - a +0 flail (weapon)
Armour
 b - a +0 scale mail (worn)
 c - a +0 kite shield (worn)
Scrolls
 e - a scroll of teleportation {unknown}
 g - 2 scrolls of magic mapping {unknown}
 i - 2 scrolls of fog {unknown}
 j - a scroll of enchant armour {unknown}
 k - 3 scrolls of remove curse {unknown}
 l - 2 scrolls of random uselessness {unknown}
Potions
 d - 3 potions of might
 h - a potion of heal wounds
 m - 2 potions of mutation {unknown}
Comestibles
 f - 3 rations
 n - a chunk of flesh


   Skills:
 + Level 4.8 Fighting
 + Level 4.4 Maces & Flails
 - Level 3.2 Armour
 - Level 3.2 Shields


You had 3 spell levels left.
You didn't know any spells.
Your spell library was empty.

Dungeon Overview and Level Annotations

Branches:
Dungeon (2/15)

Altars:

Annotations:
D:2 Natasha


Message History

You block Natasha's attack.
You sock Natasha!
Natasha is severely wounded.
Natasha claws you.
You hit Natasha.
Natasha is severely wounded.
Natasha zaps a wand.
You block the puff of flame.
Natasha zaps a wand.
The puff of flame hits you.
* * * LOW HITPOINT WARNING * * *
Your shield and scale mail prevent you from hitting Natasha.
Natasha is severely wounded.
Natasha claws you but does no damage.
You hit Natasha but do no damage.
Natasha is severely wounded.
Natasha stares at you and mumbles some strange words.
The magic dart hits you but does no damage.
You closely miss Natasha.
Natasha is severely wounded.
Natasha zaps a wand.
The puff of flame hits you!
You die...

#####.....#.######.(....(.
###...#...).........[.
#...################ #...#
####### ##
#.....##############.
#....................
#.....#############..
#...@.# ########. ###h###
#........ #####.#
#.######. #.....#
#........ #.#.#.####
#........
#........######........
#..รท.#......h..........
#...#.#..#######.......
##.#._.#.# #.....#.


You could see Natasha.

Vanquished Creatures
  Natasha (D:2)
  3 adders (D:2)
  A worm (D:2)
  2 dart slugs
  A leopard gecko (D:1)
  3 bats
  3 giant cockroaches (D:1)
  6 goblins
  8 hobgoblins
  A quokka (D:2)
  A ball python (D:2)
  A frilled lizard (D:1)
  5 kobolds
  6 rats
42 creatures vanquished.

Notes
Turn   | Place    | Note
-------+----------+-------------------------------------------
     0 | D:1      | Qrupt the Hill Orc Fighter began the quest for the Orb.
     0 | D:1      | Reached XP level 1. HP: 19/19 MP: 1/1
   180 | D:1      | Reached XP level 2. HP: 26/26 MP: 2/2
   764 | D:1      | Reached XP level 3. HP: 31/33 MP: 3/3
  1447 | D:2      | Reached XP level 4. HP: 41/41 MP: 4/4
  1594 | D:2      | Found a faded altar of an unknown god.
  1666 | D:2      | Noticed Natasha
  1677 | D:2      | Killed Natasha
  1680 | D:2      | Noticed Natasha
  1729 | D:2      | Killed from afar by Natasha

Illustrated notes

Levels and vault maps discovered:
D:1:      dpeg_arrival_line_fractal, layout_loops_ring
D:2:      layout_basic, old_standard_altar,
          chequers_ecumenical_altar_simple_redux, roderic_cross_of_infinity,
          minmay_split_cup_large, uniq_natasha

Skill      XL: |  1  2  3 |
---------------+----------+-----
Maces & Flails | 3 4 |  4.4
Fighting       | 4 |  4.8
Armour         | |  3.2
Shields        | |  3.2

Action                   |  1- 3 |  4- 6 || total
-------------------------+-------+-------++-------
Melee: Flail             |   111 |    43 ||   154
  Use: Potion            |       |     1 ||     1
  Eat: Chunk             |     1 |     2 ||     3
Armor: Scale mail        |    47 |    15 ||    62
Dodge: Dodged            |    42 |    12 ||    54
Block: Kite shield       |    50 |    19 ||    69
